 Dungeon Sprint DCSS version 0.27-a0-1140-g099f9bb0e8 (webtiles) character file.

Game seed: 10878050824520782078

2233 Zeld the Zephyrmancer (level 9, -2/67 HPs)
             Began as an Octopode Air Elementalist on May 9, 2021.
             Was a High Priest of Sif Muna.
             Blown up by an eye of devastation (26 damage)
             ... with a bolt of energy
             ... in the Dungeon (Sprint V: "Ziggurat Sprint").
             The game lasted 00:03:27 (1310 turns).

Zeld the Zephyrmancer (Octopode Air Elementalist)   Turns: 1310, Time: 00:03:28

Health: -2/67      AC:  1    Str:  7    XL:     9   Next: 36%
Magic:  8/22       EV: 16    Int: 33    God:    Sif Muna [*****.]
Gold:   0          SH:  0    Dex: 12    Spells: 14/26 levels left

rFire    . . .     SeeInvis .   (no weapon)
rCold    . . .     Faith    .   (no shield)
rNeg     . . .     Spirit   .   (helmet restricted)
rPois    .         Reflect  .   (no amulet)
rElec    .         Harm     .   t - +6 ring of intelligence
rCorr    .         Rampage  .   u - +6 ring of intelligence
Will     .....     NoTele   +   (no ring)
Stlth    +++.......             (no ring)
HPRegen  0.21/turn              (no ring)
MPRegen  0.18/turn              (no ring)
                                (no ring)
                                (no ring)

@: channeling
A: almost no armour, amphibious, 8 rings, camouflage 1, gelatinous body 1,
(nimble swimmer 1), tentacles
a: Renounce Religion, Channel Magic, Forget Spell, Divine Exegesis


You were in the Dungeon.
You worshipped Sif Muna.
Sif Muna was extremely pleased with you.
You visited 1 branch

Inventory:

Armour
 a - a +3 tower shield
Jewellery
 t - a +6 ring of intelligence (left tentacle)
 u - a +6 ring of intelligence (right tentacle)
Wands
 q - a wand of mindburst (7)
 s - a wand of acid (7)
Scrolls
 g - 3 scrolls of blinking
 k - 4 scrolls of amnesia
 m - 7 scrolls of fog
 n - a scroll of holy word
 o - 5 scrolls of identify
 p - 2 scrolls of fear
Potions
 b - 10 potions of curing
 c - 9 potions of heal wounds
 d - 6 potions of haste
 e - 6 potions of magic
 f - 3 potions of berserk rage
 h - 2 potions of brilliance
 i - 2 potions of invisibility
 j - 4 potions of resistance
 l - 5 potions of might
Miscellaneous
 r - a lightning rod (4/4)
 v - a lightning rod (4/4)
 w - a lightning rod (4/4)
 x - a phial of floods
 y - a phial of floods
 z - a phial of floods


   Skills:
 + Level 8.8 Fighting
 + Level 9.1 Dodging
 - Level 2.6 Stealth
 + Level 9.3 Spellcasting
 - Level 1.0 Conjurations
 * Level 13.6 Air Magic


You had 14 spell levels left.
You knew the following spells:

 Your Spells              Type           Power      Damage    Failure   Level
a - Shock                 Conj/Air       100%       1d9       1%          1
b - Static Discharge      Conj/Air       59%        N/A       1%          2
c - Airstrike             Air            40%        N/A       1%          4
d - Lightning Bolt        Conj/Air       29%        1d46      4%          5

Your spell library contained the following spells:

 Spells                   Type           Power      Damage    Failure   Level
 Corpse Rot               Necr/Air       N/A        N/A       1%          2
 Swiftness                Air            81%        N/A       1%          3
 Sublimation of Blood     Necr           7%         N/A       4%          2
 Dispel Undead            Necr           15%        3d10      30%         4
 Agony                    Necr           15%        N/A       65%         5
 Excruciating Wounds      Necr           7%         N/A       65%         5


Dungeon Overview and Level Annotations

Branches:
Dungeon (1/1)

Altars:
Ashenzari
Cheibriados
Dithmenos
Elyvilon
Fedhas
Gozag
Hepliaklqana
Kikubaaqudgha
Makhleb
Nemelex Xobeh
Okawaru
Qazlal
Ru
Sif Muna
Trog
Uskayaw
Vehumet
Wu Jian
Xom
Yredelemnul
Zin
The Shining One
Beogh
Jiyva
Lugonu

Annotations:
D 1 transporter


Innate Abilities, Weirdness & Mutations

You cannot wear most types of armour.
You are amphibious.
You can wear up to eight rings at the same time.
Your skin changes colour to match your surroundings (Stealth+).
Your rubbery body absorbs attacks. (AC +1, EV +1)
((You are camouflaged near water. (Stealth+)))
You have tentacles for arms and can constrict up to eight enemies at once.


Message History

Aiming: Lightning Bolt (dangerous; 4% risk of failure)
Press: ? - help, Shift-Dir - straight line You hear a mighty clap of thunder!
The bolt of lightning hits the eye of devastation!
The eye of devastation is heavily wounded.
The bolt of lightning hits the eye of devastation but does no damage.
The jelly misses you.
Unknown command.
Blink to where?
Press: ? - help, Dir - move target
As you read the scroll of blinking, it crumbles to dust.
You feel less invigorated.
Your magical contamination has completely faded away.
Found a transporter.
Casting: Lightning Bolt (dangerous; 4% risk of failure)
Confirm with . or Enter, or press ? or * to list all spells.
Aiming: Lightning Bolt (dangerous; 4% risk of failure)
Press: ? - help, Shift-Dir - straight line, f - jelly
Aim: a jelly (100% to hit)
You hear a mighty clap of thunder!
The bolt of lightning hits the jelly!!
You kill the jelly!
Sif Muna accepts your kill.
Unknown command.
Casting: Lightning Bolt (dangerous; 4% risk of failure)
Confirm with . or Enter, or press ? or * to list all spells.
You don't have enough magic to cast this spell.
You fail to use your ability.
Casting: Lightning Bolt (dangerous; 4% risk of failure)
Confirm with . or Enter, or press ? or * to list all spells.
You don't have enough magic to cast this spell.
You fail to use your ability.
The eye of devastation gazes at you. The bolt of energy hits you!!
Casting: Lightning Bolt (dangerous; 4% risk of failure)
Confirm with . or Enter, or press ? or * to list all spells.
You don't have enough magic to cast this spell.
The eye of devastation gazes at you. The bolt of energy hits you!!
You die...

▓.......▓
▓.......▓
▓.......▓
▓.......▓
▓.▓.÷.▓.▓
▓...©...▓
▓▓▓▓▓▓▓▓▓
▓..8©8..▓
▓..)|=.@▓
▓..:"[..▓
▓.......▓
▓...GG..▓
▓.......▓
▓.......▓
▓.▓...▓.▓
▓...©...▓
▓▓▓▓▓▓▓▓▓


You could see 2 eyes of devastation.

Vanquished Creatures
  An eye of devastation (D)
  A cane toad (D)
  A komodo dragon (D)
  A slime creature (D)
  A yak (D)
  2 fire elementals (D)
  A floating eye (D)
  2 wolves (D)
  A necrophage (D)
  A phantom (D)
  2 bullfrogs (D)
  A wight (D)
  A quasit (D)
  2 jellies (D)
  An iguana (D)
  3 river rats (D)
  2 endoplasms (D)
  A giant cockroach zombie (D)
  A jackal zombie (D)
  2 fire vortices (D)
28 creatures vanquished.

Notes
Turn   | Place    | Note
-------+----------+-------------------------------------------
     0 | D        | Zeld the Octopode Air Elementalist began the quest for the
                  | Orb.
     0 | D        | Reached XP level 1. HP: 11/11 MP: 3/3
     2 | D        | Found a blossoming altar of Fedhas.
     3 | D        | Found the +6 Majin-Bo {vamp, MP+6 Int+6}
     3 | D        | Found the +9 heavy crossbow "Sniper" {vorpal, Acc+∞ SInv}
     3 | D        | Found the +10 dark maul {vorpal}
     3 | D        | Found the +15 Maxwell's patent armour {-Cast -Tele rElec
                  | Will+ rCorr}
     3 | D        | Found the +18 shield of the Gong {rElec rN+ Will+ EV-5}
     3 | D        | Found the +14 obsidian axe {vorpal, Drain Fly SInv}
     3 | D        | Found the +7 great mace "Firestarter" {inner flame, rF++}
     3 | D        | Found the +6 shillelagh "Devastator" {shatter}
     3 | D        | Found the +11 plutonium sword {Contam Stlth-}
     3 | D        | Found the +8 lance "Wyrmbane" {slay drac, rPois rF+ rC+
                  | AC+3}
     3 | D        | Found the +9 sword of Zonguldrok {reap}
     3 | D        | Found the +13 scythe of Curses {drain, Drain}
     3 | D        | Found the +5 sword of Power {vorpal}
     3 | D        | Found the +7 mace of Variability {chain chaos}
     3 | D        | Found the +7 Singing Sword {vorpal, sonic wave}
     3 | D        | Found the +8 storm bow {elec, penet}
     6 | D        | Found a shimmering blue altar of Sif Muna.
     6 | D        | Found a sacrificial altar of Ru.
     6 | D        | Found a bloodstained altar of Trog.
     6 | D        | Found a stormy altar of Qazlal.
     6 | D        | Found an iron altar of Okawaru.
     6 | D        | Found a sparkling altar of Nemelex Xobeh.
     8 | D        | Reached skill level 6 in Air Magic
     8 | D        | Reached XP level 2. HP: 17/17 MP: 4/7
     9 | D        | Found a transporter.
     9 | D        | Found an ancient bone altar of Kikubaaqudgha.
     9 | D        | Found a viscous altar of Jiyva.
     9 | D        | Found a corrupted altar of Lugonu.
     9 | D        | Found a hazy altar of Hepliaklqana.
     9 | D        | Found a burning altar of Makhleb.
     9 | D        | Found an opulent altar of Gozag.
    26 | D        | Became a worshipper of Sif Muna the Loreminder
    32 | D        | Learned a level 2 spell: Static Discharge
   116 | D        | Entered arena 2.
   116 | D        | Found a transporter.
   120 | D        | Reached skill level 1 in Fighting
   120 | D        | Reached skill level 7 in Air Magic
   120 | D        | Reached XP level 3. HP: 18/23 MP: 9/9
   318 | D        | Entered arena 3.
   318 | D        | Noticed a slime creature
   318 | D        | Noticed a floating eye
   318 | D        | Found a transporter.
   319 | D        | Reached * piety under Sif Muna
   320 | D        | Reached XP level 4. HP: 29/29 MP: 10/10
   320 | D        | Killed a floating eye
   321 | D        | Reached skill level 5 in Spellcasting
   321 | D        | Reached skill level 9 in Air Magic
   321 | D        | Reached XP level 5. HP: 37/37 MP: 11/13
   324 | D        | Killed a slime creature
   325 | D        | Reached skill level 5 in Fighting
   325 | D        | Reached skill level 5 in Dodging
   325 | D        | Reached skill level 10 in Air Magic
   325 | D        | Reached XP level 6. HP: 34/45 MP: 11/15
   332 | D        | Learned a level 4 spell: Airstrike
   338 | D        | Learned a level 5 spell: Lightning Bolt
   396 | D        | Entered arena 4.
   396 | D        | Noticed a necrophage
   396 | D        | Found a transporter.
   398 | D        | Killed a necrophage
   398 | D        | Reached ** piety under Sif Muna
   399 | D        | Reached XP level 7. HP: 50/50 MP: 17/17
   408 | D        | Got the amulet of Deat {Spirit rC++ rN+ Str-2 Dex+4}
   601 | D        | Entered arena 5.
   601 | D        | Noticed a fire elemental
   601 | D        | Noticed a fire elemental
   601 | D        | Found a transporter.
   606 | D        | Killed a fire elemental
   606 | D        | Reached *** piety under Sif Muna
   607 | D        | Reached skill level 11 in Air Magic
   610 | D        | Killed a fire elemental
   896 | D        | Entered arena 6.
   896 | D        | Found a transporter.
   898 | D        | Reached XP level 8. HP: 58/58 MP: 13/19
   899 | D        | Reached **** piety under Sif Muna
   900 | D        | Reached skill level 12 in Air Magic
  1010 | D        | Entered arena 7.
  1010 | D        | Noticed a komodo dragon
  1010 | D        | Noticed a cane toad
  1010 | D        | Noticed a yak
  1014 | D        | Killed a cane toad
  1014 | D        | Reached ***** piety under Sif Muna
  1014 | D        | Received a gift from Sif Muna
  1018 | D        | Killed a yak
  1020 | D        | Reached skill level 13 in Air Magic
  1020 | D        | Killed a komodo dragon
  1021 | D        | Reached XP level 9. HP: 20/67 MP: 10/22
  1024 | D        | Found a transporter.
  1295 | D        | Entered arena 8.
  1295 | D        | Noticed an eye of devastation
  1295 | D        | Noticed an eye of devastation
  1295 | D        | Noticed an eye of devastation
  1303 | D        | Killed an eye of devastation
  1305 | D        | Found a transporter.
  1310 | D        | Blown up by an eye of devastation

Illustrated notes

Levels and vault maps discovered:
D:        sprint_v [room_start, room_1, room_2, room_3, room_4, room_5, room_6,
          room_7, room_8, room_9, room_10, room_11, room_12, room_13, room_14,
          room_15, room_16, room_17, room_18, room_19, room_20, room_21,
          room_22, room_23, room_24, room_25, room_26, room_27]

Skill      XL: |  1  2  3  4  5  6  7  8  9 |
---------------+----------------------------+-----
Spellcasting   | 4 5 6 7 9 |  9.3
Air Magic      | 6 7 9 10 11 13 | 13.6
Fighting       | 1 2 3 5 6 8 |  8.8
Dodging        | 3 4 5 6 7 8 9 |  9.1
Stealth        | |  2.6
Conjurations   | |  1.0

Action                   |  1- 3 |  4- 6 |  7- 9 || total
-------------------------+-------+-------+-------++-------
 Cast: Airstrike         |       |       |     5 ||     5
       Lightning Bolt    |       |       |    15 ||    15
       Shock             |       |       |     2 ||     2
       Static Discharge  |       |       |     3 ||     3
Invok: Channel Magic     |       |       |     3 ||     3
Evoke: Wand              |     3 |     4 |       ||     7
       Lightning rod     |     1 |     3 |    12 ||    16
  Use: Potion            |     1 |       |     2 ||     3
       Scroll            |       |       |     1 ||     1
Armor: Skin              |       |       |     1 ||     1
Dodge: Dodged            |       |       |    11 ||    11

Table legend: (Time is in decaauts)
 A = Elapsed time spent in this place.
 B = Non-inter-level travel time spent in this place.
 C = Inter-level travel time spent in this place.
 D = Time resting spent in this place.
 E = Time spent auto-exploring this place.
 F = Levels seen in this place.
 G = Mean time per level.
                   A        B        C        D        E       F      G
               +--------+--------+--------+--------+--------+-----+--------+
         Total |   1309 |   1309 |      0 |   1114 |      0 |   1 | 1309.0 |
       Dungeon |   1309 |   1309 |      0 |   1114 |      0 |   1 | 1309.0 |
               +--------+--------+--------+--------+--------+-----+--------+

Top non-repeatable levels by time:
       D: 1309 daAuts
